 Dungeon Crawl Stone Soup version 0.15.0-9-g1a96a59 (webtiles) character file.

64 zercules the Skirmisher (level 3, -1/34 HPs)
             Began as a Deep Dwarf Wanderer on Aug 31, 2014.
             Killed by nerve-wracking pain
             ... invoked by Grinder
              (8 damage)
             ... on Level 3 of the Dungeon.
             The game lasted 00:05:36 (751 turns).

zercules the Skirmisher (Deep Dwarf Wanderer)        Turns: 751, Time: 00:05:36

HP  -1/34        AC  5     Str 20      XL: 3   Next: 91%
MP   6/6         EV  9     Int 15      God:
Gold 85          SH  3     Dex 11      Spells:  2 memorised,  4 levels left

rFire  . . .     SeeInvis .     e - +0 whip
rCold  . . .     Clarity  .     b - +0 ring mail
rNeg   . . .     rCorr    .     n - +0 buckler
rPois  .         rRot     .     (no helmet)
rElec  .         Spirit   .     (no cloak)
SustAb .         Warding  .     (no gloves)
rMut   .         Stasis   .     (no boots)
Gourm  .                        (no amulet)
MR     .....                    (no ring)
                                g - +6 ring of strength

@: flying, non-regenerating, not resistant to hostile enchantments, very
unstealthy
A: damage resistance, recharge devices, sense surroundings 1, slow healing 3
a: Device Recharging


You were on level 3 of the Dungeon.
You were not hungry.

You visited 1 branch of the dungeon, and saw 3 of its levels.

You collected 85 gold pieces.


Innate Abilities, Weirdness & Mutations

You are resistant to damage.
You can recharge devices by infusing magical energy.
You passively map a small area around you.
You do not heal naturally.


   Skills:
 - Level 3.4 Fighting
   Level 2.1(2.2) Axes
 + Level 0.2(1.2) Maces & Flails
 + Level 1.1 Shields
 - Level 2.1 Spellcasting
 - Level 1.2 Fire Magic
 - Level 1.3 Earth Magic
 - Level 2.2 Evocations


You had 4 spell levels left.
You knew the following spells:

 Your Spells              Type           Power        Failure   Level  Hunger
a - Flame Tongue          Conj/Fire      #....        34%         1    #......
b - Sandblast             Erth           #.....       30%         1    #......


Dungeon Overview and Level Annotations

Branches:
Dungeon (3/15)

Altars:

Annotations:
D:3 Grinder

Inventory:

Hand weapons
 c - a +0 club
 e - a +0 whip (weapon)
Armour
 b - a +0 ring mail (worn)
 n - a +0 buckler (worn)
Magical devices
 d - a wand of heal wounds (0) {@v2}
Comestibles
 f - a bread ration
 h - a slice of pizza
 i - 2 meat rations
Scrolls
 j - a scroll of magic mapping {unknown}
Jewellery
 g - a +6 ring of strength (left hand)
Potions
 l - a potion of curing {unknown}
Books
 a - a book of Geomancy

#.# , #.# * ######.#
#....... ,# ,
#.#.##.# ..., *
#5#.##.##..# ..
#@#....##..##..#
#.#.##%##......#
#......##......#
#......)?......#
#.#.##.###.....### *
#.#...............
..####.###..####.#
*##..,...##.#....##.
* #.########.#...#.#


You could see Grinder.


Message History

Your magical contamination has completely faded away.
You see here a giant gecko corpse.
All of the chunks of flesh in your inventory have rotted away.
Found 4 large rocks.
You see here 4 large rocks.
A kobold comes into view.
The kobold shouts!
A kobold is nearby!
Found a whip and a scroll labeled DAOCEU BLOT QIMAE.
You closely miss the kobold. The kobold closely misses you.
You closely miss the kobold. The kobold barely misses you.
The kobold barely misses you.
You hit the kobold.
You kill the kobold!
No target in view!
A bat comes into view.
You see here a whip.
A bat is nearby!
The bat hits you but does no damage.
You closely miss the bat. You block the bat's attack.
The bat barely misses you. The bat barely misses you.
The bat hits you but does no damage.
Grinder comes into view.
Grinder shouts!
Grinder zaps a wand.
The puff of flame misses you.
You hit the bat.
You kill the bat!
Grinder gestures at you. Pain shoots through your body!
* * * LOW HITPOINT WARNING * * *
Grinder zaps a wand.
The puff of flame misses you. Grinder hits you.
* * * LOW HITPOINT WARNING * * *
You writhe in agony.
You hit Grinder.
Grinder is lightly wounded.
Grinder hits you!
* * * LOW HITPOINT WARNING * * *
You closely miss Grinder.
Grinder is lightly wounded.
Grinder zaps a wand.
The puff of flame hits you!
* * * LOW HITPOINT WARNING * * *
Evoke which item? (* to show all) (? for menu, Esc to quit)
Zapping:
d - a wand of heal wounds (1) {@v2} You feel much better.
This wand has 0 charges left.
Grinder zaps a wand.
The puff of flame hits you!
You closely miss Grinder.
Grinder is lightly wounded.
Grinder zaps a wand.
The puff of flame hits you!
You closely miss Grinder.
Grinder is lightly wounded.
Grinder hits you!
* * * LOW HITPOINT WARNING * * *
You writhe in agony.
* * * LOW HITPOINT WARNING * * *
You barely miss Grinder.
Grinder is lightly wounded.
Grinder hits you but does no damage.
You closely miss Grinder.
Grinder is lightly wounded.
Grinder hits you.
* * * LOW HITPOINT WARNING * * *
You writhe in agony.
Drink which item? (? for menu, Esc to quit)
You feel very buoyant.
You fly up into the air.
It was a potion of flight.
Grinder gestures at you. Pain shoots through your body!
You die...

Action                   || total
-------------------------++-------
Melee: Whip              ||    74
 Cast: Flame Tongue      ||     8
Evoke: Wand              ||     5
  Use: Potion            ||     1

Vault maps used:
D:1:      dpeg_arrival_windows_large_door, supply_closet_lemuel
D:3:      lemuel_coloured_pillars_altar, uniq_grinder, uniq_natasha

Notes
Turn   | Place    | Note
--------------------------------------------------------------
     0 | D:1      | zercules, the Deep Dwarf Wanderer, began the quest for the Orb.
     0 | D:1      | Reached XP level 1. HP: 20/20 MP: 2/2
     2 | D:1      | Learned a level 1 spell: Sandblast
   176 | D:2      | Reached skill level 2 in Evocations
   176 | D:2      | Reached XP level 2. HP: 25/27 MP: 3/3
   424 | D:2      | Reached skill level 3 in Fighting
   555 | D:3      | Noticed Natasha
   570 | D:3      | HP: 7/28 [white imp/puff of frost[Natasha] (10)]
   578 | D:3      | HP: 7/28 [Natasha (6)]
   580 | D:3      | Killed Natasha
   580 | D:3      | Reached XP level 3. HP: 8/34 MP: 3/5
   651 | D:3      | Reached skill level 2 in Spellcasting
   738 | D:3      | Noticed Grinder
   745 | D:3      | HP: 3/34 [Grinder/wand of flame (6)]
   750 | D:3      | HP: 7/34 [Grinder (4)]
   751 | D:3      | Killed from afar by Grinder

Vanquished Creatures
  Natasha (D:3)
  An adder (D:3)
  A giant mite (D:2)
  A worm (D:2)
  A giant gecko (D:3)
  A goblin (D:1)
  A hobgoblin (D:2)
  2 jackals (D:2)
  4 bats
  A giant newt (D:2)
  2 kobolds
  2 rats
18 creatures vanquished.
